 Dungeon Crawl Stone Soup version 0.28-a0-909-g796cbd3a86 (webtiles) character file.

Game seed: 9683112769468645629

126 gigimoi the Skirmisher (level 5, -3/59 HPs)
             Began as an Ogre Berserker on Nov 24, 2021.
             Was a Believer of Trog.
             Slain by a gnoll (7 damage)
             ... on level 3 of the Dungeon.
             The game lasted 00:03:19 (2833 turns).

gigimoi the Skirmisher (Ogre Berserker)             Turns: 2833, Time: 00:03:20

Health: -3/59      AC:  3    Str: 22    XL:     5   Next: 9%
Magic:  6/6        EV: 10    Int: 14    God:    Trog [**....]
Gold:   131        SH:  0    Dex:  8    Spells: 6/6 levels left

rFire   . . .      SeeInvis .   a - +0 spear
rCold   . . .      Faith    .   (no shield)
rNeg    . . .      Spirit   .   b - +0 animal skin
rPois   .          Reflect  .   (helmet restricted)
rElec   .          Harm     .   (no cloak)
rCorr   .          Rampage  .   (gloves unavailable)
Will    .....                   (boots unavailable)
Stlth   +.........              (no amulet)
HPRegen 0.19/turn               e - +6 ring of intelligence
MPRegen 0.10/turn               (no ring)

@: no status effects
A: large, unfitting armour, tough skin 1
a: Renounce Religion, Berserk, Trog's Hand


You were on level 3 of the Dungeon.
You worshipped Trog.
Trog was pleased with you.
You visited 1 branch of the dungeon, and saw 3 of its levels.

You collected 131 gold pieces.

Inventory:

Hand Weapons
 a - a +0 spear (weapon)
Armour
 b - a +0 animal skin (worn)
Jewellery
 e - a +6 ring of intelligence (left hand)
 l - a ring of flight
Wands
 k - a wand of flame (19)
Scrolls
 c - 6 scrolls of identify {unknown}
 d - a scroll of magic mapping {unknown}
 g - a scroll of noise {unknown}
 h - a scroll of silence {unknown}
 i - a scroll of teleportation {unknown}
Potions
 f - a potion of invisibility {unknown}
 j - 3 potions of heal wounds {unknown}
 m - a potion of berserk rage {unknown}
 n - a potion of might {unknown}


   Skills:
 * Level 5.6 Fighting
 + Level 3.8 Polearms
 + Level 3.5 Dodging
 - Level 1.0 Spellcasting


You had 6 spell levels left.
You didn't know any spells.
Your spell library was empty.

Dungeon Overview and Level Annotations

Branches:
Dungeon (3/15)

Altars:


Innate Abilities, Weirdness & Mutations

You are too large for most types of armour.
You have tough skin. (AC +1)


Message History

The gnoll hits you with a +0 club.
You closely miss the gnoll.
The gnoll is severely wounded.
The gnoll barely misses you.
You hit the gnoll but do no damage.
The gnoll is severely wounded.
The bat completely misses you. The gnoll hits you with a +0 club!
You barely miss the gnoll.
The gnoll is severely wounded.
The bat hits you but does no damage. The gnoll hits you with a +0 club.
You hit the gnoll.
The gnoll is almost dead.
The bat closely misses you.
You barely miss the gnoll.
The gnoll is almost dead.
The bat hits you. The gnoll hits you with a +0 club.
* * * LOW HITPOINT WARNING * * *
You hit the gnoll.
The gnoll is almost dead.
The bat hits you but does no damage. The gnoll hits you with a +0 club.
* * * LOW HITPOINT WARNING * * *
You closely miss the gnoll.
The gnoll is almost dead.
The bat closely misses you. The gnoll hits you with a +0 club!
* * * LOW HITPOINT WARNING * * *
You closely miss the gnoll.
The gnoll is almost dead.
The bat barely misses you. The gnoll hits you with a +0 club.
* * * LOW HITPOINT WARNING * * *
You hit the gnoll.
You kill the gnoll!
Trog accepts your kill. The bat misses you.
The bat hits you but does no damage.
You see here a +0 club.
You barely miss the bat. The bat hits you.
* * * LOW HITPOINT WARNING * * *
The bat barely misses you.
The gnoll hits you from afar with a +0 spear!
You die...

'....#
####....#
#######
.≈≈.≈...##
#...#.#
..≈......#
#...#.#
..≈≈.....##
##...<#
≈≈≈≈≈≈g≈≈≈###
#..#.#
≈≈≈≈≈.≈≈≈≈≈≈#
#..#..
.....≈b@.#
##..##
≈≈.≈≈..)##
#..##
........#
##>..
........#
####
.....#### #
...$. #####
.... #....
.!.. #.###
#.##.


You could see a gnoll and a bat.

Vanquished Creatures
  A centaur skeleton (D:2)
  Jessica (D:2)
  2 gnolls (D:3)
  An adder (D:2)
  A worm (D:2)
  6 bats
  2 endoplasms
  6 giant cockroaches
  3 goblins
  4 hobgoblins
  5 ball pythons
  3 frilled lizards
  3 kobolds
  4 rats
42 creatures vanquished.

Vanquished Creatures (others)
  4 toadstools (D:1)
4 creatures vanquished.

Grand Total: 46 creatures vanquished

Notes
Turn   | Place    | Note
-------+----------+-------------------------------------------
     0 | D:1      | gigimoi the Ogre Berserker began the quest for the Orb.
     0 | D:1      | Reached XP level 1. HP: 24/24 MP: 1/1
   297 | D:1      | Reached XP level 2. HP: 28/32 MP: 2/2
  1180 | D:2      | Reached XP level 3. HP: 31/40 MP: 3/3
  1180 | D:2      | Reached ** piety under Trog
  1406 | D:2      | Noticed Jessica
  1426 | D:2      | Killed Jessica
  1427 | D:2      | Reached skill level 1 in Spellcasting
  1634 | D:2      | Reached skill level 5 in Fighting
  1634 | D:2      | Reached XP level 4. HP: 29/50 MP: 5/5
  2817 | D:3      | Reached XP level 5. HP: 37/57 MP: 6/6
  2833 | D:3      | Slain by a gnoll

Illustrated notes

Levels and vault maps discovered:
D:1:      ldierk_walled_garden_2, layout_loops_corners, chequers_garden,
          minmay_pentomino_w2
D:2:      layout_basic, minmay_misc_feat_four_crosses,
          kennysheep_generic_room_16, uniq_jessica
D:3:      layout_basic, chequers_serial_rivers_small_3,
          amcnicky_mini_corridor_feature

Skill      XL: |  1  2  3 |
---------------+----------+-----
Dodging        | 3 |  3.5
Spellcasting   | 1 |  1.0
Fighting       | 5 |  5.6
Polearms       | |  3.8

Action                   |  1- 3 |  4- 6 || total
-------------------------+-------+-------++-------
Melee: Spear             |    88 |    74 ||   162
Invok: Berserk           |     1 |       ||     1
 Stab: Sleeping          |     2 |       ||     2
Armor: Animal skin       |    26 |     9 ||    35
Dodge: Dodged            |    40 |    29 ||    69

Table legend: (Time is in decaauts)
 A = Elapsed time spent in this place.
 B = Non-inter-level travel time spent in this place.
 C = Inter-level travel time spent in this place.
 D = Time resting spent in this place.
 E = Time spent auto-exploring this place.
 F = Levels seen in this place.
 G = Mean time per level.
                   A        B        C        D        E       F      G
               +--------+--------+--------+--------+--------+-----+--------+
         Total |   2834 |   2744 |     90 |      0 |   2431 |   3 |  944.7 |
       Dungeon |   2834 |   2744 |     90 |      0 |   2431 |   3 |  944.7 |
               +--------+--------+--------+--------+--------+-----+--------+

Top non-repeatable levels by time:
     D:2: 1581 daAuts
     D:1: 999 daAuts
     D:3: 253 daAuts
